AoeStats
← Lord_Hakim

Arena

510683084Analyzed
3v3 RM · 2d ago on Oct 2, 2026· 49m 25s· 6 players
Game mode
Random Map
Map size
Normal (6 player)
Population
200
Speed
Normal
Resources
Standard
Victory
Conquest
Starting age
Dark Age
Ending age
Imperial Age
RankedLock teamsTeams togetherTeam positionsShared explorationLock speedFull tech treeHidden civsTurbo modeCheats
Victory
Defeat
1210
+12
1201
+13
🇲🇽 Vikings · Mexico
1122
+16
🇭🇰 Malians · Hong Kong SAR China
1142
-14
🇺🇸 Danes · United States
1126
-14
🇲🇽 Portuguese · Mexico
1102
-13
Jling.YYC
10:02 Feudal Age
9:08 Loom
11:41 Horse Collar
11:48 Double-Bit Axe
16:47 Castle Age
15:47 Scale Mail Armor
15:44 Stone Mining
16:19 Gold Mining
19:51 Town Watch
28:30 Imperial Age
27:32 Forging
27:38 Chain Mail Armor
29:29 Iron Casting
30:59 Plate Mail Armor
32:35 Scale Barding Armor
34:31 Cavalier
35:23 Bloodlines
41:29 Wheelbarrow
43:22 Bow Saw
42:48 Elite Gbeto
43:15 Pikeman
43:55 Squires
Brazy_Boy4
0:39 Loom
11:07 Feudal Age
17:39 Castle Age
19:15 Squires
19:17 Scale Mail Armor
19:48 Gambesons
20:41 Wheelbarrow
20:15 Horse Collar
22:33 Wheelbarrow
23:36 Double-Bit Axe
24:49 Forging
27:22 Arson
28:02 Stone Mining
31:38 Imperial Age
29:39 Gold Mining
31:43 Hand Cart
31:41 Heavy Plow
31:55 Town Watch
33:21 Elite Jomsviking
34:20 Fletching
34:53 Bow Saw
35:55 Iron Casting
35:08 Elite Skirmisher
35:45 Bodkin Arrow
35:51 Padded Archer Armor
36:07 Chain Mail Armor
37:10 Thumb Ring
37:06 Bracer
38:07 Blast Furnace
37:38 Leather Archer Armor
39:02 Ballistics
39:43 Chemistry
39:54 Plate Mail Armor
41:25 Gold Shaft Mining
41:27 Stone Shaft Mining
41:43 Ring Archer Armor
42:08 Hamask
43:40 Conscription
43:53 Town Patrol
44:35 Siege Engineers
48:24 Masonry
Lord_Hakim
12:00 Feudal Age
10:43 Loom
16:13 Castle Age
El Hijo de Zalvakky Jr. Dark
9:41 Feudal Age
10:15 Double-Bit Axe
10:10 Horse Collar
15:31 Wheelbarrow
18:41 Castle Age
19:21 Bloodlines
19:22 Forging
19:18 Scale Barding Armor
20:47 Husbandry
20:37 Loom
21:17 Bow Saw
21:34 Stone Mining
22:12 Heavy Plow
22:30 Light Cavalry
26:43 Hand Cart
26:40 Thumb Ring
26:33 Fletching
26:44 Padded Archer Armor
29:33 Bodkin Arrow
29:54 Leather Archer Armor
32:28 Iron Casting
32:13 Chain Barding Armor
32:22 Kasbah
35:56 Imperial Age
36:10 Gold Mining
36:42 Elite Genitour
37:46 Conscription
37:10 Hussar
38:27 Bracer
39:08 Ballistics
40:16 Crop Rotation
40:22 Maghrebi Camels
41:42 Ring Archer Armor
43:48 Elite Camel Archer
46:17 Hoardings
45:57 Cavalier
48:11 Blast Furnace
47:46 Plate Barding Armor
46:58 Loom
48:22 Chemistry
Miztliel
9:04 Feudal Age
16:43 Castle Age
15:12 Double-Bit Axe
15:36 Horse Collar
15:36 Man-at-Arms
17:26 Scale Mail Armor
17:03 Long Swordsman
19:51 Heavy Plow
19:32 Crossbowman
21:35 Chain Mail Armor
22:45 Loom
23:20 Fletching
25:46 Bodkin Arrow
27:01 Town Watch
34:38 Imperial Age
34:01 Ballistics
35:33 Bracer
35:52 Arbalester
38:38 Two-Handed Swordsman
39:21 Chieftains
41:57 Gold Mining
43:21 Forging
44:59 Champion
49:15 Town Patrol
49:21 Squires
50:06 Crop Rotation
50:15 Plate Mail Armor
El hijo de Airbreaker Jr. Jr.
6:15 Loom
9:43 Feudal Age
15:43 Fletching
23:32 Horse Collar
23:43 Gold Mining
24:06 Forging
24:01 Scale Barding Armor
27:32 Castle Age
25:49 Bloodlines
25:03 Man-at-Arms
26:36 Wheelbarrow
29:43 Iron Casting
31:01 Stone Mining
32:03 Gold Shaft Mining
31:15 Double-Bit Axe
31:31 Heavy Plow
31:34 Bodkin Arrow
35:39 Imperial Age
33:57 Hand Cart
35:41 Ballistics
35:23 Padded Archer Armor
35:22 Town Watch
36:45 Parthian Tactics
35:58 Elite Kipchak
37:50 Conscription
37:58 Steppe Husbandry
39:05 Chemistry
38:24 Bow Saw
38:46 Crop Rotation
39:35 Thumb Ring
40:41 Leather Archer Armor
40:45 Masonry
44:13 Two-Man Saw
44:11 Town Patrol
45:03 Ring Archer Armor
45:09 Capped Ram
46:50 Light Cavalry
49:16 Hoardings
Connection lost

Rejoining the realm…

Still unreachable

The connection could not be restored.

Session expired

The server has moved on; the page needs a fresh start.